Map: [ESL] Oceanborn

Players

Maru - Winner!

  • Race: Terran Terran
  • Spawn Location: 5:00

HeroMarine

  • Race: Terran Terran
  • Spawn Location: 11:00

Event: ESL Spring 2024 Finals

VOD

Have the link to the VOD?

Description

Time

  • Played on: May 31, 2024, 1:10 p.m.
  • Length: 7:09

All games in this series

Show
View Real Time Build Order
Export as new Build Order

Maru Terran - Winner!

Build Orders: Cyclone Opening 

Get SALT Encoding   

  12  0:00  SCV  
  13  0:12  SCV  
  14  0:16  Supply Depot  
  14  0:24  SCV  
  15  0:38  SCV  
  15  0:39  Barracks  
  16  0:43  Refinery  
  16  0:50  SCV  
  16  0:52  Refinery  
  17  1:02  SCV  
  18  1:14  SCV  
  19  1:26  Orbital Command, Reaper  
  19  1:31  Supply Depot  
  20  1:41  Factory  
  20  1:52  SCV  
  21  2:00  Reaper  
  22  2:04  SCV  
  23  2:16  SCV  
  23  2:18  Command Center  
  24  2:25  Hellion  
  24  2:28  SCV  
  27  2:32  Starport  
  27  2:40  Supply Depot, SCV  
  27  2:44  Barracks Reactor  
  28  2:50  Cyclone  
  30  2:53  SCV  
  31  3:05  SCV  
  31  3:08  Medivac  
  34  3:14  Refinery  
  34  3:18  SCV  
  35  3:20  Marine x2  
  35  3:23  Cyclone  
  39  3:30  Orbital Command  
  39  3:33  SCV  
  40  3:38  Marine x2  
  42  3:43  Starport Tech Lab  
  42  3:45  SCV  
  43  3:50  Supply Depot  
  43  3:56  SCV, Marine x2  
  43  3:57  SCV  
  47  4:05  Factory Tech Lab  
  47  4:08  SCV  
  47  4:09  SCV  
  49  4:13  Marine  
  49  4:14  Marine  
  49  4:15  Raven  
  48  4:20  SCV  
  48  4:23  Interference Matrix, Siege Tank  
  52  4:25  SCV  
  52  4:27  Supply Depot  
  53  4:31  Marine x2  
  53  4:34  SCV  
  53  4:38  SCV  
  55  4:46  SCV  
  55  4:49  Marine  
  55  4:50  Raven  
  55  4:52  Supply Depot, SCV  
  60  4:56  Siege Tank  
  63  5:00  SCV  
  63  5:04  SCV  
  65  5:07  Command Center  
  65  5:12  SCV  
  65  5:13  Marine  
  65  5:14  Marine  
  68  5:18  Supply Depot, Refinery  
  68  5:24  Raven, SCV  
  68  5:25  SCV  
  74  5:28  Siege Tank  
  74  5:36  SCV  
  74  5:39  SCV  
  76  5:43  Barracks  
  76  5:45  Barracks  
  76  5:47  Marine  
  76  5:48  SCV  
  78  5:51  SCV  
  79  6:00  SCV  
  79  6:02  Siege Tank  
  79  6:03  SCV  
  78  6:11  Viking x2  
  78  6:12  SCV  
  78  6:15  SCV  
  78  6:22  Orbital Command  
  78  6:24  SCV, Marine  
  77  6:27  SCV  
  70  6:36  SCV, Barracks Reactor x2  
  70  6:40  SCV  
  73  6:48  SCV x2  
  73  6:52  SCV  
Show
View Real Time Build Order
Export as new Build Order

HeroMarine Terran 

Build Orders: Cyclone Opening 

Get SALT Encoding   

  12  0:00  SCV  
  13  0:12  SCV  
  14  0:17  Supply Depot  
  14  0:24  SCV  
  15  0:39  SCV  
  15  0:41  Barracks  
  16  0:44  Refinery  
  16  0:51  SCV  
  16  0:53  Refinery  
  17  1:03  SCV  
  18  1:15  SCV  
  19  1:27  Orbital Command, Reaper  
  19  1:32  Supply Depot  
  20  1:41  Factory  
  20  1:53  SCV  
  21  2:00  Reaper  
  22  2:05  SCV  
  23  2:17  Command Center  
  23  2:19  SCV  
  24  2:24  Cyclone  
  26  2:31  SCV  
  26  2:36  Starport  
  27  2:43  Supply Depot  
  28  2:44  SCV  
  28  2:48  Barracks Reactor  
  28  2:56  Cyclone  
  28  2:57  SCV  
  31  3:09  SCV  
  32  3:13  Medivac  
  32  3:17  Refinery  
  34  3:21  SCV  
  34  3:24  Marine x2  
  37  3:29  Factory Tech Lab  
  37  3:30  Orbital Command  
  37  3:33  SCV  
  38  3:42  Marine x2  
  38  3:44  Starport Tech Lab  
  38  3:45  SCV  
  38  3:47  Siege Tank  
  44  3:56  Supply Depot  
  44  3:57  SCV  
  44  4:00  Marine  
  44  4:01  Marine  
  47  4:04  SCV  
  47  4:09  SCV  
  49  4:19  Siege Tank  
  49  4:22  Supply Depot  
  48  4:26  Viking x2  
  48  4:30  SCV  
  52  4:31  SCV  
  52  4:33  Marine  
  53  4:42  SCV  
  53  4:43  SCV  
  55  4:51  Marine  
  54  4:55  Liberator  
  54  4:56  SCV x2, Liberator  
  62  5:04  Siege Tank  
  65  5:08  SCV x2, Marine  
  65  5:10  Supply Depot  
  68  5:18  Command Center  
  68  5:20  SCV x2  
  70  5:22  Supply Depot  
  70  5:31  Marine  
  70  5:32  SCV x2  
  73  5:37  Siege Tank  
  73  5:39  Refinery  
  73  5:40  Viking  
  78  5:44  Viking  
  78  5:49  SCV x2  
  76  6:01  SCV x2  
  76  6:03  Marine  
  72  6:09  Siege Tank  
  61  6:13  SCV x2  
  61  6:14  Viking x2  
  52  6:25  SCV x2  
  52  6:30  Orbital Command  
  52  6:31  Marine  
  54  6:37  SCV  
  54  6:38  SCV  
  59  6:49  SCV, Marine  
  59  6:50  SCV  
Tags
 
Add a new tag
Caveats
  • Supply blocks, unpowered buildings, or Contaminate may cause inaccurate times.
  • Supply counts are checked every 10 seconds.